Red Wings vs Stars

Created - December 30, 2019 at 19:00

Goals
1 2 3 T
Red Wings 2 1 1 4
Stars 2 1 0 3
Shots
1 2 3 T
Red Wings 7 11 12 30
Stars 7 12 3 22

1st period

1. Red Wings , Mike Richards 8 (Connor Brown 11, Adam Henrique 21) at 16:21
2. Red Wings , Adam Henrique 14 (Mike Richards 26, Connor Brown 12) at 16:51
3. Stars , Guillaume Latendresse 13 (John Tavares 24, Michael Grabner 16) at 18:53
4. Stars , John Tavares 16 (Guillaume Latendresse 21, Brian Lee 11) at 19:05

Penalties :
Petr Pohl (Det) for Holding (Minor) at 7:43, John Tavares (Dal) for Hooking (Minor) at 12:45

2nd period

5. Stars , Brian Lee 4 (Ian White 14, Jussi Jokinen 14) at 4:42
6. Red Wings , Mike Richards 9 (Connor Brown 13, Adam Henrique 22) at 7:32 (PP)

Penalties :
Jussi Jokinen (Dal) for Hooking (Minor) at 0:37, Johnny Oduya (Dal) for High sticking (Minor) at 7:26, B.J. Crombeen (Dal) for Holding (Minor) at 12:33, David Krejci (Det) for Hooking (Minor) at 15:16

3rd period

7. Red Wings , Sean Bergenheim 10 (Nick Bjugstad 7) at 17:45

Penalties :
Jussi Jokinen (Dal) for Tripping (Minor) at 4:27, Andrej Sustr (Dal) for Holding (Minor) at 9:27

Goalie Stats

Josh Harding (Det), 19 saves from 22 shots - (0.864), W, 4-1-2, 60:00 minutes
Cory Schneider (Dal), 26 saves from 30 shots - (0.867), L, 18-7-1, 59:27 minutes

Players Stats for Red Wings

Player Name              G  A  P  +/- PIM S  H  SB GA TA FO     MP     PP MP  PK MP  
------------------------------------------------------------------------------------
Adam Henrique            1  2  3   2  0   4  1  0  0  0  0/0    19:48   5:10   0:17 
Alex Picard              0  0  0   0  0   0  2  0  1  1  0/0    10:04   0:25   0:20 
Anton Volchenkov         0  0  0  -1  0   1  1  1  0  0  0/0    17:14   0:34   2:03 
Carson Mcmillan          0  0  0  -1  0   1  1  0  0  0  1/1    10:19   0:00   1:52 
Connor Brown             0  3  3   2  0   0  1  0  1  1  1/2    18:28   5:10   0:00 
David Krejci             0  0  0   0  2   1  0  0  0  0  1/4     9:51   0:29   0:00 
Jiri Fischer             0  0  0  -1  0   2  1  0  0  1  0/0    19:07   4:34   1:55 
Karl Alzner              0  0  0   1  0   1  0  0  0  1  0/0    20:10   4:34   0:00 
Maxim Lapierre           0  0  0  -1  0   1  3  0  0  0  2/6     9:03   0:00   1:49 
Michael Haley            0  0  0  -1  0   0  1  0  0  2  0/1    10:16   0:00   1:49 
Mike Richards            2  1  3   2  0   4  3  0  0  1  10/17  18:28   5:10   0:00 
Nick Bjugstad            0  1  1  -1  0   2  1  0  0  0  8/20   19:23   4:26   0:00 
Ole-Kristian Tollefsen   0  0  0   1  0   0  1  0  0  2  0/0    24:09   5:27   2:03 
Petr Pohl                0  0  0   0  2   0  2  1  1  0  0/0     9:40   0:25   0:00 
Philip Samuelsson        0  0  0   0  0   3  1  3  1  1  0/0    21:25   4:53   0:00 
Ryan O'Byrne             0  0  0   0  0   1  2  0  0  1  0/0    17:55   0:00   1:55 
Sean Bergenheim          1  0  1  -1  0   4  1  0  1  0  2/3    21:25   4:26   1:49 
Tomas Kopecky            0  0  0  -1  0   5  0  0  0  0  1/2    19:15   4:22   0:00 

Players Stats for Stars

Player Name              G  A  P  +/- PIM S  H  SB GA TA FO     MP     PP MP  PK MP  
------------------------------------------------------------------------------------
Alex Chiasson            0  0  0   0  0   0  0  2  1  0  1/4    14:06   1:43   0:00 
Alexander Frolov         0  0  0   0  0   4  0  0  0  0  0/0    11:51   0:00   2:00 
Andrej Sustr             0  0  0   0  2   1  2  2  0  2  0/0    15:20   0:11   1:58 
Antoine Vermette         0  0  0   0  0   1  3  0  0  0  6/7    19:03   1:43   3:57 
B.J. Crombeen            0  0  0   0  2   2  2  1  0  0  1/1     9:34   0:00   0:00 
Boris Valabik            0  0  0  -1  0   0  1  2  0  0  0/0    23:13   1:42   5:26 
Brian Lee                1  1  2   1  0   1  2  1  0  0  0/0    29:26   2:16   6:21 
Cam Atkinson             0  0  0  -1  0   0  1  0  0  0  0/1     7:32   0:00   0:00 
Cory Emmerton            0  0  0   0  0   0  0  0  1  0  5/10   12:20   0:00   2:29 
Evgeny Grachev           0  0  0  -1  0   0  1  1  0  0  1/3     8:33   0:00   1:01 
Guillaume Latendresse    1  1  2   1  0   3  2  0  1  0  0/0    22:23   2:15   4:53 
Ian White                0  1  1   1  0   0  0  3  1  0  0/0    13:59   1:06   2:18 
John Tavares             1  1  2   1  2   5  4  1  1  0  15/28  22:30   2:15   4:01 
Johnny Oduya             0  0  0  -1  2   0  1  0  0  2  0/0    20:51   1:36   3:40 
Jussi Jokinen            0  1  1   0  4   2  0  0  3  0  0/1    16:49   1:43   1:41 
Michael Grabner          0  1  1   1  0   3  0  1  2  0  1/1    17:26   2:15   0:00 
Niklas Hjalmarsson       0  0  0   0  0   0  1  2  0  0  0/0    17:11   1:05   0:19 
Ted Purcell              0  0  0  -1  0   0  0  0  1  1  0/0     7:46   0:00   0:00 

3 Stars

1 - Mike Richards (Det)
2 - Adam Henrique (Det)
3 - Connor Brown (Det)

Power Play

Red Wings - 1 on 6 Attempt(s) - 16.67%
Stars - 0 on 2 Attempt(s) - 0.00%

Penalty Kill

Red Wings - 2 on 2 Attempt(s) - 100.00% - Score 0 goal in Penalty Kill
Stars - 5 on 6 Attempt(s) - 83.33% - Score 0 goal in Penalty Kill

Team Stat

Red Wings - Hits : 22 - Faceoff Wins : 26 - Blocked Shots : 5 - Penalty Minutes : 4
Stars - Hits : 20 - Faceoff Wins : 30 - Blocked Shots : 16 - Penalty Minutes : 12

Official

Referees : Unknown
Linesman : Unknown

Game Notes

Ian White is injured at 10:47 of 2nd period (Bruised Right Shoulder)

Finance

Level 1 -- Attendance: 5420 (90.33%) -- Ticket Income $585,360
Level 2 -- Attendance: 4254 (85.08%) -- Ticket Income $297,780
Level 3 -- Attendance: 1906 (95.30%) -- Ticket Income $76,240
Level 4 -- Attendance: 2765 (69.13%) -- Ticket Income $96,775
Luxury Box -- Attendance: 860 (86.00%) -- Ticket Income $160,820
Game was played at the American Airlines Center.
Total Attendance: 15205 (84.47%)
Total Ticket Income: $1,216,975
Other Income: $182,546
Total Income: $1,399,521

Red Wings

5 vs 5 Forward 
   Center                   Left Wing                Right Wing               Time % Phy DF OF 
 1 Mike Richards            Adam Henrique            Connor Brown             38     0   2  3  
 2 Nick Bjugstad            Sean Bergenheim          Tomas Kopecky            37     0   2  3  
 3 David Krejci             Alex Picard              Petr Pohl                15     0   3  2  
 4 Maxim Lapierre           Michael Haley            Carson Mcmillan          10     1   2  2  

5 vs 5 Defense 
   Defense                  Defense                                           Time % Phy DF OF 
 1 Ryan O'Byrne             Philip Samuelsson                                 35     0   3  2  
 2 Ole-Kristian Tollefsen   Karl Alzner                                       35     0   3  2  
 3 Jiri Fischer             Anton Volchenkov                                  20     0   3  2  
 4 Jiri Fischer             Anton Volchenkov                                  10     0   3  2  

PowerPlay Forward 
   Center                   Left Wing                Right Wing               Time % Phy DF OF 
 1 Mike Richards            Adam Henrique            Connor Brown             55     0   1  4  
 2 Nick Bjugstad            Sean Bergenheim          Tomas Kopecky            45     0   1  4  

PowerPlay Defense
   Defense                  Defense                                           Time % Phy DF OF 
 1 Philip Samuelsson        Ole-Kristian Tollefsen                            60     0   2  3  
 2 Jiri Fischer             Karl Alzner                                       40     0   2  3  

Penalty Kill 4 Players Forward 
   Center                   Wing                     Time % Phy DF OF 
 1 Michael Haley            Carson Mcmillan          50     1   2  2  
 2 Sean Bergenheim          Maxim Lapierre           50     1   2  2  

Penalty Kill 4 Players Defense
   Defense                  Defense                  Time % Phy DF OF 
 1 Ryan O'Byrne             Jiri Fischer             50     1   2  2  
 2 Ole-Kristian Tollefsen   Anton Volchenkov         50     1   2  2  

Penalty Kill - 3 Players Forward 
   Forward                                           Time % Phy DF OF 
 1 Carson Mcmillan                                   60     1   2  2  
 2 Michael Haley                                     40     1   2  2  

Penalty Kill - 3 Players Defense
   Defense                  Defense                  Time % Phy DF OF 
 1 Ryan O'Byrne             Jiri Fischer             50     1   2  2  
 2 Philip Samuelsson        Anton Volchenkov         50     1   2  2  

4 vs 4 Forward 
   Center                   Wing                     Time % Phy DF OF 
 1 Mike Richards            Adam Henrique            60     1   2  2  
 2 Nick Bjugstad            Sean Bergenheim          40     1   2  2  

4 vs 4 Defense
   Defense                  Defense                  Time % Phy DF OF 
 1 Ryan O'Byrne             Karl Alzner              60     1   2  2  
 2 Ole-Kristian Tollefsen   Philip Samuelsson        40     1   2  2  

Last Minutes Offensive
   Center                   Left Wing                Right Wing               Defense                  Defense                  
   Mike Richards            Adam Henrique            Connor Brown             Ole-Kristian Tollefsen   Philip Samuelsson        

Last Minutes Defensive
   Center                   Left Wing                Right Wing               Defense                  Defense                  
   Sean Bergenheim          Michael Haley            Carson Mcmillan          Anton Volchenkov         Ryan O'Byrne             

Goaltenders
Starting : Josh Harding             
Backup : James Reimer             

Extra Forwards
Normal : Adam Henrique, Connor Brown, David Krejci - PP : David Krejci, Alex Picard - PK : Alex Picard
Extra Defensemen
Normal : Philip Samuelsson, Ole-Kristian Tollefsen, Karl Alzner - PP : Ryan O'Byrne - PK : Ole-Kristian Tollefsen, Karl Alzner
Penalty Shots
Mike Richards, Carson Mcmillan, Maxim Lapierre, Alex Picard, Sean Bergenheim

Scratches
Andrew Alberts (Healthy), Chris Kelly (Healthy)

Stars

5 vs 5 Forward 
   Center                   Left Wing                Right Wing               Time % Phy DF OF 
 1 John Tavares             Guillaume Latendresse    Michael Grabner          40     1   2  2  
 2 Antoine Vermette         Jussi Jokinen            Alex Chiasson            30     1   2  2  
 3 Cory Emmerton            Alexander Frolov         B.J. Crombeen            20     1   2  2  
 4 Evgeny Grachev           Ted Purcell              Cam Atkinson             10     1   2  2  

5 vs 5 Defense 
   Defense                  Defense                                           Time % Phy DF OF 
 1 Ian White                Brian Lee                                         40     1   2  2  
 2 Boris Valabik            Johnny Oduya                                      30     1   2  2  
 3 Niklas Hjalmarsson       Andrej Sustr                                      20     1   2  2  
 4 Ian White                Brian Lee                                         10     1   2  2  

PowerPlay Forward 
   Center                   Left Wing                Right Wing               Time % Phy DF OF 
 1 John Tavares             Guillaume Latendresse    Michael Grabner          60     0   2  3  
 2 Antoine Vermette         Jussi Jokinen            Alex Chiasson            40     0   2  3  

PowerPlay Defense
   Defense                  Defense                                           Time % Phy DF OF 
 1 Ian White                Brian Lee                                         60     0   2  3  
 2 Boris Valabik            Johnny Oduya                                      40     0   2  3  

Penalty Kill 4 Players Forward 
   Center                   Wing                     Time % Phy DF OF 
 1 John Tavares             Guillaume Latendresse    60     0   3  2  
 2 Jussi Jokinen            Antoine Vermette         40     0   3  2  

Penalty Kill 4 Players Defense
   Defense                  Defense                  Time % Phy DF OF 
 1 Ian White                Brian Lee                60     0   3  2  
 2 Boris Valabik            Johnny Oduya             40     0   3  2  

Penalty Kill - 3 Players Forward 
   Forward                                           Time % Phy DF OF 
 1 John Tavares                                      60     0   3  2  
 2 Guillaume Latendresse                             40     0   3  2  

Penalty Kill - 3 Players Defense
   Defense                  Defense                  Time % Phy DF OF 
 1 Ian White                Brian Lee                60     0   3  2  
 2 Boris Valabik            Johnny Oduya             40     0   3  2  

4 vs 4 Forward 
   Center                   Wing                     Time % Phy DF OF 
 1 John Tavares             Guillaume Latendresse    60     1   2  2  
 2 Jussi Jokinen            Antoine Vermette         40     1   2  2  

4 vs 4 Defense
   Defense                  Defense                  Time % Phy DF OF 
 1 Ian White                Brian Lee                60     1   2  2  
 2 Boris Valabik            Johnny Oduya             40     1   2  2  

Last Minutes Offensive
   Center                   Left Wing                Right Wing               Defense                  Defense                  
   John Tavares             Guillaume Latendresse    Michael Grabner          Ian White                Brian Lee                

Last Minutes Defensive
   Center                   Left Wing                Right Wing               Defense                  Defense                  
   John Tavares             Guillaume Latendresse    Michael Grabner          Ian White                Brian Lee                

Goaltenders
Starting : Cory Schneider           
Backup : Brian Elliott            

Extra Forwards
Normal : Alexander Frolov, Ted Purcell, Cory Emmerton - PP : Alexander Frolov, Ted Purcell - PK : Cory Emmerton
Extra Defensemen
Normal : Niklas Hjalmarsson, Andrej Sustr, Boris Valabik - PP : Niklas Hjalmarsson - PK : Andrej Sustr, Boris Valabik
Penalty Shots
John Tavares, Guillaume Latendresse, Jussi Jokinen, Antoine Vermette, Alexander Frolov

Scratches
Shawn Matthias (Healthy)

% Time on Ice - Red Wings

Lines # - Real PCT - Wanted PCT - Time Play
Normal Forward
1 - 33% - 38% - 14:34
2 - 34% - 37% - 15:03
3 - 18% - 15% - 7:57
4 - 16% - 10% - 7:14
Normal Defense
1 - 38% - 35% - 17:01
2 - 36% - 35% - 15:56
3 - 20% - 20% - 8:48
4 - 7% - 10% - 3:03
PP Forward
1 - 53% - 55% - 5:19
2 - 47% - 45% - 4:42
PP Defense
1 - 54% - 60% - 5:27
2 - 46% - 40% - 4:34
PK Forward
1 - 47% - 50% - 1:52
2 - 53% - 50% - 2:06
PK Defense
1 - 48% - 50% - 1:55
2 - 52% - 50% - 2:03
PK3 Forward
1 - 0% - 60%
2 - 0% - 40%
PK3 Defense
1 - 0% - 50%
2 - 0% - 50%
44 Forward
1 - 0% - 60%
2 - 0% - 40%
44 Defense
1 - 0% - 60%
2 - 0% - 40%
Last Minute Offensive  - 0:00
Last Minute Defensive  - 1:13
Total
Forward - 60:00
Defense - 60:00

% Time on Ice - Stars

Lines # - Real PCT - Wanted PCT - Time Play
Normal Forward
1 - 34% - 40% - 15:30
2 - 28% - 30% - 12:23
3 - 21% - 20% - 9:35
4 - 17% - 10% - 7:32
Normal Defense
1 - 44% - 40% - 19:52
2 - 29% - 30% - 12:52
3 - 20% - 20% - 9:11
4 - 7% - 10% - 3:05
PP Forward
1 - 57% - 60% - 2:15
2 - 43% - 40% - 1:43
PP Defense
1 - 78% - 60% - 3:05
2 - 22% - 40% - 0:53
PK Forward
1 - 71% - 60% - 7:05
2 - 29% - 40% - 2:56
PK Defense
1 - 69% - 60% - 6:54
2 - 31% - 40% - 3:07
PK3 Forward
1 - 0% - 60%
2 - 0% - 40%
PK3 Defense
1 - 0% - 60%
2 - 0% - 40%
44 Forward
1 - 0% - 60%
2 - 0% - 40%
44 Defense
1 - 0% - 60%
2 - 0% - 40%
Last Minute Offensive  - 1:01
Last Minute Defensive  - 0:00
Total
Forward - 60:00
Defense - 60:00

Play-by-Play

1st period


0:01 of 1st period - Mike Richards wins face-off versus John Tavares in neutral zone.
0:28 of 1st period - Slapshot by Sean Bergenheim.
0:28 of 1st period - Stopped by Cory Schneider with a rebound.
0:30 of 1st period - Slapshot by Philip Samuelsson.
0:30 of 1st period - Shot Blocked by Ian White.
0:32 of 1st period - Wrist shot by Sean Bergenheim.
0:32 of 1st period - Shot Blocked by Alex Chiasson.
2:09 of 1st period - Andrej Sustr is hit by Mike Richards and loses puck.
2:16 of 1st period - Anton Volchenkov is hit by Cam Atkinson and loses puck.
2:54 of 1st period - Slapshot by Adam Henrique.
2:54 of 1st period - Shot Misses the Net.
3:09 of 1st period - Off-side.
3:10 of 1st period - Nick Bjugstad wins face-off versus John Tavares in neutral zone.
3:13 of 1st period - Brian Lee is hit by Philip Samuelsson and loses puck.
3:36 of 1st period - Ryan O'Byrne is hit by Brian Lee.
3:58 of 1st period - Slapshot by Ole-Kristian Tollefsen.
3:58 of 1st period - Deflect By Maxim Lapierre.
3:58 of 1st period - Shot Blocked by Brian Lee.
3:58 of 1st period - Puck is out of play.
3:59 of 1st period - Cory Emmerton wins face-off versus Maxim Lapierre in Stars zone.
4:14 of 1st period - Snap shot by Cory Emmerton.
4:14 of 1st period - Shot Misses the Net.
4:52 of 1st period - Snap shot by Alex Chiasson.
4:52 of 1st period - Deflect By Antoine Vermette.
4:52 of 1st period - Stopped by Josh Harding with a rebound.
6:22 of 1st period - Wrist shot by Tomas Kopecky.
6:22 of 1st period - Deflect By Sean Bergenheim.
6:22 of 1st period - Shot Misses the Net.
6:22 of 1st period - Puck is out of play.
6:23 of 1st period - Cory Emmerton wins face-off versus Nick Bjugstad in Stars zone.
6:36 of 1st period - Snap shot by Nick Bjugstad.
6:36 of 1st period - Deflect By Sean Bergenheim.
6:36 of 1st period - Shot Blocked by B.J. Crombeen.
6:36 of 1st period - Puck is out of play.
6:37 of 1st period - John Tavares wins face-off versus Connor Brown in Stars zone.
6:37 of 1st period - John Tavares is hit by Adam Henrique.
7:11 of 1st period - Wrist shot by David Krejci.
7:11 of 1st period - Stopped by Cory Schneider without a rebound.
7:12 of 1st period - Antoine Vermette wins face-off versus David Krejci in Stars zone.
7:12 of 1st period - Antoine Vermette is hit by Petr Pohl.
7:43 of 1st period - Minor Penalty to Petr Pohl for Holding.
7:44 of 1st period - John Tavares wins face-off versus Michael Haley in Red Wings zone.
7:54 of 1st period - Snap shot by John Tavares.
7:54 of 1st period - Shot Misses the Net.
7:56 of 1st period - Wrist shot by Guillaume Latendresse.
7:56 of 1st period - Stopped by Josh Harding without a rebound.
7:57 of 1st period - Sean Bergenheim wins face-off versus John Tavares in Red Wings zone.
9:43 of 1st period - Penalty to Petr Pohl is over, Petr Pohl is back on ice.
9:55 of 1st period - Cory Emmerton is hit by Petr Pohl and loses puck.
10:04 of 1st period - Snap shot by Cory Emmerton.
10:04 of 1st period - Shot Misses the Net.
10:49 of 1st period - Off-side.
10:50 of 1st period - Nick Bjugstad wins face-off versus Cory Emmerton in neutral zone.
10:55 of 1st period - Snap shot by Tomas Kopecky.
10:55 of 1st period - Stopped by Cory Schneider with a rebound.
10:57 of 1st period - Slapshot by Philip Samuelsson.
10:57 of 1st period - Shot Misses the Net.
10:59 of 1st period - Wrist shot by Sean Bergenheim.
10:59 of 1st period - Shot Blocked by Boris Valabik.
11:01 of 1st period - Slapshot by Philip Samuelsson.
11:01 of 1st period - Shot Misses the Net.
11:15 of 1st period - Ryan O'Byrne is hit by Guillaume Latendresse and loses puck.
11:22 of 1st period - Johnny Oduya is hit by Mike Richards and loses puck.
11:59 of 1st period - Slapshot by Ted Purcell.
11:59 of 1st period - Shot Misses the Net.
12:23 of 1st period - Snap shot by Adam Henrique.
12:23 of 1st period - Shot Blocked by Ian White.
12:45 of 1st period - Minor Penalty to John Tavares for Hooking.
12:46 of 1st period - Mike Richards wins face-off versus Cory Emmerton in Stars zone.
13:45 of 1st period - Boris Valabik is hit by Mike Richards and loses puck.
14:06 of 1st period - Alexander Frolov is hit by Nick Bjugstad and loses puck.
14:45 of 1st period - Penalty to John Tavares is over, John Tavares is back on ice.
14:45 of 1st period - Boris Valabik is hit by Alex Picard and loses puck.
15:28 of 1st period - Slapshot by John Tavares.
15:28 of 1st period - Shot Misses the Net.
15:44 of 1st period - Slapshot by Philip Samuelsson.
15:44 of 1st period - Stopped by Cory Schneider without a rebound.
15:45 of 1st period - Nick Bjugstad wins face-off versus Cory Emmerton in Stars zone.
16:02 of 1st period - Nick Bjugstad is hit by B.J. Crombeen and loses puck.
16:19 of 1st period - Wrist shot by Connor Brown.
16:19 of 1st period - Shot Misses the Net.
16:21 of 1st period - Slapshot by Mike Richards.
16:21 of 1st period - Goal by Mike Richards - Red Wings : 1 - Stars : 0.
16:22 of 1st period - Nick Bjugstad wins face-off versus John Tavares in neutral zone.
16:25 of 1st period - Michael Grabner is hit by Anton Volchenkov.
16:37 of 1st period - Snap shot by John Tavares.
16:37 of 1st period - Stopped by Josh Harding without a rebound.
16:38 of 1st period - Mike Richards wins face-off versus John Tavares in Red Wings zone.
16:49 of 1st period - Wrist shot by Mike Richards.
16:49 of 1st period - Stopped by Cory Schneider with a rebound.
16:51 of 1st period - Snap shot by Adam Henrique.
16:51 of 1st period - Goal by Adam Henrique - Red Wings : 2 - Stars : 0.
16:52 of 1st period - Antoine Vermette wins face-off versus Nick Bjugstad in neutral zone.
17:43 of 1st period - Alexander Frolov is hit by Michael Haley and loses puck.
18:10 of 1st period - Boris Valabik is hit by Ryan O'Byrne and loses puck.
18:49 of 1st period - Wrist shot by Guillaume Latendresse.
18:49 of 1st period - Stopped by Josh Harding without a rebound.
18:50 of 1st period - Michael Grabner wins face-off versus Maxim Lapierre in Red Wings zone.
18:51 of 1st period - Snap shot by John Tavares.
18:51 of 1st period - Stopped by Josh Harding with a rebound.
18:53 of 1st period - Wrist shot by Guillaume Latendresse.
18:53 of 1st period - Goal by Guillaume Latendresse - Red Wings : 2 - Stars : 1.
18:54 of 1st period - John Tavares wins face-off versus Nick Bjugstad in neutral zone.
19:05 of 1st period - Slapshot by John Tavares.
19:05 of 1st period - Goal by John Tavares - Red Wings : 2 - Stars : 2.
19:06 of 1st period - Antoine Vermette wins face-off versus Nick Bjugstad in neutral zone.
19:33 of 1st period - Anton Volchenkov is hit by Guillaume Latendresse and loses puck.
Goals for this period are 2 for Red Wings vs 2 for Stars.
Shots for this period are 7 for Red Wings vs 7 for Stars.

2nd period


0:01 of 2nd period - Nick Bjugstad wins face-off versus John Tavares in neutral zone.
0:35 of 2nd period - Snap shot by Karl Alzner.
0:35 of 2nd period - Shot Blocked by Boris Valabik.
0:37 of 2nd period - Minor Penalty to Jussi Jokinen for Hooking.
0:38 of 2nd period - John Tavares wins face-off versus Mike Richards in Stars zone.
0:38 of 2nd period - John Tavares is hit by Ole-Kristian Tollefsen.
2:37 of 2nd period - Penalty to Jussi Jokinen is over, Jussi Jokinen is back on ice.
3:10 of 2nd period - Andrej Sustr is hit by Maxim Lapierre and loses puck.
3:15 of 2nd period - Wrist shot by Carson Mcmillan.
3:15 of 2nd period - Stopped by Cory Schneider with a rebound.
3:35 of 2nd period - Maxim Lapierre is hit by Evgeny Grachev and loses puck.
3:50 of 2nd period - Snap shot by John Tavares.
3:50 of 2nd period - Stopped by Josh Harding without a rebound.
3:51 of 2nd period - John Tavares wins face-off versus David Krejci in Red Wings zone.
4:08 of 2nd period - Brian Lee is hit by Ryan O'Byrne and loses puck.
4:23 of 2nd period - Snap shot by Michael Grabner.
4:23 of 2nd period - Shot Blocked by Philip Samuelsson.
4:25 of 2nd period - Snap shot by Michael Grabner.
4:25 of 2nd period - Stopped by Josh Harding without a rebound.
4:26 of 2nd period - Antoine Vermette wins face-off versus Nick Bjugstad in Red Wings zone.
4:27 of 2nd period - Snap shot by Jussi Jokinen.
4:27 of 2nd period - Stopped by Josh Harding without a rebound.
4:28 of 2nd period - Tomas Kopecky wins face-off versus Antoine Vermette in Red Wings zone.
4:40 of 2nd period - Slapshot by Ian White.
4:40 of 2nd period - Shot Misses the Net.
4:42 of 2nd period - Snap shot by Brian Lee.
4:42 of 2nd period - Goal by Brian Lee - Red Wings : 2 - Stars : 3.
4:43 of 2nd period - John Tavares wins face-off versus Nick Bjugstad in neutral zone.
5:40 of 2nd period - Icing by Petr Pohl.
5:41 of 2nd period - John Tavares wins face-off versus David Krejci in Red Wings zone.
6:38 of 2nd period - Wrist shot by Alexander Frolov.
6:38 of 2nd period - Stopped by Josh Harding with a rebound.
7:14 of 2nd period - Backhand shot by Tomas Kopecky.
7:14 of 2nd period - Shot Blocked by Evgeny Grachev.
7:16 of 2nd period - Slapshot by Karl Alzner.
7:16 of 2nd period - Stopped by Cory Schneider with a rebound.
7:18 of 2nd period - Backhand shot by Nick Bjugstad.
7:18 of 2nd period - Shot Misses the Net.
7:26 of 2nd period - Minor Penalty to Johnny Oduya for High sticking.
7:27 of 2nd period - Mike Richards wins face-off versus John Tavares in Stars zone.
7:32 of 2nd period - Wrist shot by Mike Richards.
7:32 of 2nd period - Goal by Mike Richards - Red Wings : 3 - Stars : 3.
7:33 of 2nd period - John Tavares wins face-off versus Nick Bjugstad in neutral zone.
7:36 of 2nd period - Slapshot by Ian White.
7:36 of 2nd period - Deflect By Michael Grabner.
7:36 of 2nd period - Shot Misses the Net.
7:36 of 2nd period - Puck is out of play.
7:37 of 2nd period - John Tavares wins face-off versus Nick Bjugstad in Red Wings zone.
8:30 of 2nd period - Wrist shot by Cory Emmerton.
8:30 of 2nd period - Shot Blocked by Petr Pohl.
8:32 of 2nd period - Snap shot by B.J. Crombeen.
8:32 of 2nd period - Stopped by Josh Harding with a rebound.
8:49 of 2nd period - Slapshot by Niklas Hjalmarsson.
8:49 of 2nd period - Shot Misses the Net.
8:51 of 2nd period - Wrist shot by Andrej Sustr.
8:51 of 2nd period - Stopped by Josh Harding without a rebound.
8:52 of 2nd period - Nick Bjugstad wins face-off versus John Tavares in Red Wings zone.
8:57 of 2nd period - Wrist shot by Tomas Kopecky.
8:57 of 2nd period - Stopped by Cory Schneider with a rebound.
8:59 of 2nd period - Slapshot by Jiri Fischer.
8:59 of 2nd period - Shot Misses the Net.
9:01 of 2nd period - Slapshot by Jiri Fischer.
9:01 of 2nd period - Shot Blocked by Andrej Sustr.
9:03 of 2nd period - Slapshot by Nick Bjugstad.
9:03 of 2nd period - Shot Blocked by Niklas Hjalmarsson.
9:28 of 2nd period - Wrist shot by Connor Brown.
9:28 of 2nd period - Shot Misses the Net.
9:30 of 2nd period - Slapshot by Jiri Fischer.
9:30 of 2nd period - Shot Blocked by Alex Chiasson.
9:40 of 2nd period - David Krejci is hit by Johnny Oduya and loses puck.
9:46 of 2nd period - Off-side.
9:47 of 2nd period - Cory Emmerton wins face-off versus Nick Bjugstad in neutral zone.
10:12 of 2nd period - Wrist shot by Alexander Frolov.
10:12 of 2nd period - Stopped by Josh Harding without a rebound.
10:13 of 2nd period - John Tavares wins face-off versus Mike Richards in Red Wings zone.
10:30 of 2nd period - Wrist shot by Guillaume Latendresse.
10:30 of 2nd period - Shot Misses the Net.
10:39 of 2nd period - Off-side.
10:40 of 2nd period - Maxim Lapierre wins face-off versus Evgeny Grachev in neutral zone.
10:45 of 2nd period - Snap shot by Maxim Lapierre.
10:45 of 2nd period - Shot Misses the Net.
10:47 of 2nd period - Slapshot by Karl Alzner.
10:47 of 2nd period - Shot Blocked by Ian White.
10:47 of 2nd period - Ian White from Stars is injured at 10:47 of 2nd period (Bruised Right Shoulder).
10:48 of 2nd period - Nick Bjugstad wins face-off versus John Tavares in Stars zone.
11:02 of 2nd period - Off-side.
11:03 of 2nd period - Alex Chiasson wins face-off versus Mike Richards in neutral zone.
11:05 of 2nd period - Off-side.
11:06 of 2nd period - Mike Richards wins face-off versus Jussi Jokinen in neutral zone.
11:35 of 2nd period - Icing by Ryan O'Byrne.
11:36 of 2nd period - John Tavares wins face-off versus Sean Bergenheim in Red Wings zone.
11:53 of 2nd period - Wrist shot by Michael Grabner.
11:53 of 2nd period - Stopped by Josh Harding without a rebound.
11:54 of 2nd period - Antoine Vermette wins face-off versus Mike Richards in Red Wings zone.
12:21 of 2nd period - Connor Brown is hit by B.J. Crombeen and loses puck.
12:26 of 2nd period - Wrist shot by Cory Emmerton.
12:26 of 2nd period - Deflect By B.J. Crombeen.
12:26 of 2nd period - Stopped by Josh Harding with a rebound.
12:33 of 2nd period - Minor Penalty to B.J. Crombeen for Holding.
12:34 of 2nd period - John Tavares wins face-off versus Nick Bjugstad in Stars zone.
14:33 of 2nd period - Penalty to B.J. Crombeen is over, B.J. Crombeen is back on ice.
15:16 of 2nd period - Minor Penalty to David Krejci for Hooking.
15:17 of 2nd period - Carson Mcmillan wins face-off versus John Tavares in Red Wings zone.
15:49 of 2nd period - Ryan O'Byrne is hit by Antoine Vermette and loses puck.
16:04 of 2nd period - Ryan O'Byrne is hit by Boris Valabik and loses puck.
17:16 of 2nd period - Penalty to David Krejci is over, David Krejci is back on ice.
17:28 of 2nd period - Snap shot by Adam Henrique.
17:28 of 2nd period - Stopped by Cory Schneider with a rebound.
17:40 of 2nd period - Wrist shot by Sean Bergenheim.
17:40 of 2nd period - Stopped by Cory Schneider without a rebound.
17:41 of 2nd period - Nick Bjugstad wins face-off versus Evgeny Grachev in Stars zone.
17:44 of 2nd period - Snap shot by Nick Bjugstad.
17:44 of 2nd period - Stopped by Cory Schneider without a rebound.
17:45 of 2nd period - Mike Richards wins face-off versus Cam Atkinson in Stars zone.
17:48 of 2nd period - Snap shot by Connor Brown.
17:48 of 2nd period - Shot Misses the Net.
17:50 of 2nd period - Slapshot by Ryan O'Byrne.
17:50 of 2nd period - Shot Misses the Net.
18:10 of 2nd period - Wrist shot by John Tavares.
18:10 of 2nd period - Stopped by Josh Harding without a rebound.
18:11 of 2nd period - John Tavares wins face-off versus Nick Bjugstad in Red Wings zone.
18:30 of 2nd period - Nick Bjugstad is hit by John Tavares and loses puck.
18:35 of 2nd period - Slapshot by Guillaume Latendresse.
18:35 of 2nd period - Deflect By Michael Grabner.
18:35 of 2nd period - Stopped by Josh Harding with a rebound.
18:53 of 2nd period - Backhand shot by Guillaume Latendresse.
18:53 of 2nd period - Shot Misses the Net.
19:17 of 2nd period - Slapshot by Tomas Kopecky.
19:17 of 2nd period - Shot Misses the Net.
19:25 of 2nd period - Slapshot by Tomas Kopecky.
19:25 of 2nd period - Stopped by Cory Schneider with a rebound.
19:29 of 2nd period - Wrist shot by Sean Bergenheim.
19:29 of 2nd period - Stopped by Cory Schneider with a rebound.
19:31 of 2nd period - Slapshot by Tomas Kopecky.
19:31 of 2nd period - Shot Misses the Net.
19:33 of 2nd period - Wrist shot by Tomas Kopecky.
19:33 of 2nd period - Stopped by Cory Schneider without a rebound.
19:34 of 2nd period - Connor Brown wins face-off versus Alex Chiasson in Stars zone.
19:41 of 2nd period - Wrist shot by Adam Henrique.
19:41 of 2nd period - Stopped by Cory Schneider with a rebound.
Goals for this period are 1 for Red Wings vs 1 for Stars.
Shots for this period are 11 for Red Wings vs 12 for Stars.

3rd period


0:01 of 3rd period - John Tavares wins face-off versus Mike Richards in neutral zone.
0:28 of 3rd period - Wrist shot by Tomas Kopecky.
0:28 of 3rd period - Shot Misses the Net.
0:30 of 3rd period - Snap shot by Nick Bjugstad.
0:30 of 3rd period - Shot Misses the Net.
0:32 of 3rd period - Snap shot by Tomas Kopecky.
0:32 of 3rd period - Stopped by Cory Schneider with a rebound.
0:34 of 3rd period - Slapshot by Nick Bjugstad.
0:34 of 3rd period - Stopped by Cory Schneider with a rebound.
0:36 of 3rd period - Snap shot by Ryan O'Byrne.
0:36 of 3rd period - Shot Misses the Net.
1:40 of 3rd period - Ted Purcell is hit by Connor Brown and loses puck.
2:18 of 3rd period - Petr Pohl is hit by Brian Lee.
2:22 of 3rd period - Wrist shot by Cory Emmerton.
2:22 of 3rd period - Shot Blocked by Philip Samuelsson.
2:40 of 3rd period - Wrist shot by Maxim Lapierre.
2:40 of 3rd period - Shot Misses the Net.
2:42 of 3rd period - Slapshot by Philip Samuelsson.
2:42 of 3rd period - Shot Blocked by Andrej Sustr.
2:44 of 3rd period - Slapshot by Philip Samuelsson.
2:44 of 3rd period - Stopped by Cory Schneider without a rebound.
2:45 of 3rd period - Mike Richards wins face-off versus Alex Chiasson in Stars zone.
2:46 of 3rd period - Snap shot by Adam Henrique.
2:46 of 3rd period - Stopped by Cory Schneider with a rebound.
2:48 of 3rd period - Snap shot by Adam Henrique.
2:48 of 3rd period - Shot Misses the Net.
3:23 of 3rd period - Snap shot by Guillaume Latendresse.
3:23 of 3rd period - Deflect By John Tavares.
3:23 of 3rd period - Shot Blocked by Anton Volchenkov.
3:23 of 3rd period - Puck is out of play.
3:24 of 3rd period - Mike Richards wins face-off versus Cory Emmerton in Red Wings zone.
3:26 of 3rd period - Icing by Connor Brown.
3:27 of 3rd period - B.J. Crombeen wins face-off versus Mike Richards in Red Wings zone.
3:30 of 3rd period - Wrist shot by Alexander Frolov.
3:30 of 3rd period - Stopped by Josh Harding without a rebound.
3:31 of 3rd period - Cory Emmerton wins face-off versus Mike Richards in Red Wings zone.
4:01 of 3rd period - Off-side.
4:02 of 3rd period - Antoine Vermette wins face-off versus Nick Bjugstad in neutral zone.
4:07 of 3rd period - Snap shot by Jussi Jokinen.
4:07 of 3rd period - Shot Misses the Net.
4:27 of 3rd period - Minor Penalty to Jussi Jokinen for Tripping.
4:28 of 3rd period - Mike Richards wins face-off versus John Tavares in Stars zone.
4:37 of 3rd period - Mike Richards is hit by John Tavares.
6:14 of 3rd period - Evgeny Grachev is hit by Alex Picard and loses puck.
6:27 of 3rd period - Penalty to Jussi Jokinen is over, Jussi Jokinen is back on ice.
6:36 of 3rd period - Ted Purcell is hit by Maxim Lapierre and loses puck.
6:41 of 3rd period - Wrist shot by Maxim Lapierre.
6:41 of 3rd period - Stopped by Cory Schneider without a rebound.
6:42 of 3rd period - Cory Emmerton wins face-off versus Maxim Lapierre in Stars zone.
6:42 of 3rd period - Cory Emmerton is hit by Maxim Lapierre.
6:56 of 3rd period - Backhand shot by Alexander Frolov.
6:56 of 3rd period - Stopped by Josh Harding with a rebound.
7:34 of 3rd period - Nick Bjugstad is hit by John Tavares and loses puck.
7:56 of 3rd period - Jiri Fischer is hit by Andrej Sustr.
8:18 of 3rd period - Slapshot by Philip Samuelsson.
8:18 of 3rd period - Stopped by Cory Schneider without a rebound.
8:19 of 3rd period - Maxim Lapierre wins face-off versus John Tavares in Stars zone.
8:46 of 3rd period - Slapshot by Jiri Fischer.
8:46 of 3rd period - Stopped by Cory Schneider with a rebound.
9:13 of 3rd period - Slapshot by Anton Volchenkov.
9:13 of 3rd period - Shot Blocked by Niklas Hjalmarsson.
9:27 of 3rd period - Minor Penalty to Andrej Sustr for Holding.
9:28 of 3rd period - Mike Richards wins face-off versus John Tavares in Stars zone.
10:53 of 3rd period - Connor Brown is hit by Antoine Vermette and loses puck.
11:27 of 3rd period - Penalty to Andrej Sustr is over, Andrej Sustr is back on ice.
11:42 of 3rd period - Snap shot by Cory Emmerton.
11:42 of 3rd period - Deflect By Alexander Frolov.
11:42 of 3rd period - Shot Misses the Net.
11:42 of 3rd period - Puck is out of play.
11:43 of 3rd period - Evgeny Grachev wins face-off versus Maxim Lapierre in Red Wings zone.
12:00 of 3rd period - Cam Atkinson is hit by Carson Mcmillan and loses puck.
12:22 of 3rd period - Snap shot by Jussi Jokinen.
12:22 of 3rd period - Shot Misses the Net.
12:43 of 3rd period - Tomas Kopecky is hit by John Tavares and loses puck.
13:55 of 3rd period - Snap shot by Nick Bjugstad.
13:55 of 3rd period - Shot Blocked by John Tavares.
14:01 of 3rd period - John Tavares is hit by Jiri Fischer.
14:22 of 3rd period - Wrist shot by Adam Henrique.
14:22 of 3rd period - Deflect By Mike Richards.
14:22 of 3rd period - Stopped by Cory Schneider with a rebound.
14:24 of 3rd period - Wrist shot by Anton Volchenkov.
14:24 of 3rd period - Stopped by Cory Schneider with a rebound.
14:26 of 3rd period - Wrist shot by Anton Volchenkov.
14:26 of 3rd period - Shot Hit the Post.
14:28 of 3rd period - Slapshot by Jiri Fischer.
14:28 of 3rd period - Stopped by Cory Schneider with a rebound.
14:38 of 3rd period - Snap shot by Jussi Jokinen.
14:38 of 3rd period - Shot Blocked by Philip Samuelsson.
14:40 of 3rd period - Snap shot by Alex Chiasson.
14:40 of 3rd period - Shot Misses the Net.
14:42 of 3rd period - Snap shot by Andrej Sustr.
14:42 of 3rd period - Deflect By Jussi Jokinen.
14:42 of 3rd period - Stopped by Josh Harding without a rebound.
14:43 of 3rd period - Sean Bergenheim wins face-off versus Alex Chiasson in Red Wings zone.
14:43 of 3rd period - Sean Bergenheim is hit by Antoine Vermette.
14:49 of 3rd period - Slapshot by Ryan O'Byrne.
14:49 of 3rd period - Stopped by Cory Schneider without a rebound.
14:50 of 3rd period - John Tavares wins face-off versus Tomas Kopecky in Stars zone.
16:24 of 3rd period - Sean Bergenheim is hit by Niklas Hjalmarsson and loses puck.
17:10 of 3rd period - Slapshot by Sean Bergenheim.
17:10 of 3rd period - Shot Misses the Net.
17:18 of 3rd period - Alex Chiasson is hit by Sean Bergenheim.
17:29 of 3rd period - Ryan O'Byrne is hit by Andrej Sustr and loses puck.
17:45 of 3rd period - Snap shot by Sean Bergenheim.
17:45 of 3rd period - Goal by Sean Bergenheim - Red Wings : 4 - Stars : 3.
17:46 of 3rd period - David Krejci wins face-off versus Cory Emmerton in neutral zone.
19:27 of 3rd period - Stars, Cory Schneider is pulled from the net.
19:33 of 3rd period - Wrist shot by Jiri Fischer.
19:33 of 3rd period - Shot Blocked by Michael Grabner.
19:51 of 3rd period - Snap shot by John Tavares.
19:51 of 3rd period - Shot Misses the Net.
19:53 of 3rd period - Wrist shot by Guillaume Latendresse.
19:53 of 3rd period - Shot Misses the Net.
19:55 of 3rd period - Snap shot by Guillaume Latendresse.
19:55 of 3rd period - Shot Misses the Net.
Goals for this period are 1 for Red Wings vs 0 for Stars.
Shots for this period are 12 for Red Wings vs 3 for Stars.